 Dungeon Sprint DCSS version 0.32-a0-928-g1cae6b7ea0 (webtiles) character file.

Game seed: 5631551877094635524

438 Griffin23 the Carver (level 6, -1/99 HPs)
             Began as a Minotaur Berserker on Apr 12, 2024.
             Was a Believer of Trog.
             Succumbed to Sonja's poison
             ... in the Dungeon (Sprint I: "Red Sonja").
             The game lasted 00:01:47 (429 turns).

Griffin23 the Carver (Minotaur Berserker)            Turns: 429, Time: 00:01:47

Health: -1/99      AC: 10    Str: 24    XL:     6   Next: 69%
Magic:  5/5        EV: 10    Int:  4    God:    Trog [**....]
Gold:   167        SH:  0    Dex:  9    Spells: 5/5 levels left

rFire   + . .        a - +0 falchion
rCold   . . .        (no shield)
rNeg    . . .        j - +2 scale mail {rF+}
rPois   .            (helmet restricted)
rElec   .            (no cloak)
rCorr   .            (no gloves)
SInv    .            (no boots)
Will    .....        (no amulet) Stlth
                     (no ring)
HPRegen 0.36/turn    (no ring)
MPRegen 0.09/turn

%: no teleportation
@: berserking (expiring), lethally poisoned (-1 -> -83), slowed
A: horns 2, retaliatory headbutt
a: Renounce Religion, Berserk, Trog's Hand


You were in the Dungeon.
You worshipped Trog.
Trog was pleased with you.
You visited 1 branch You collected 297 gold pieces.
You spent 130 gold pieces at shops.

Inventory:

Hand Weapons
 a - a +0 falchion (weapon)
Armour
 b - a +0 animal skin
 j - a +2 scale mail of fire resistance (worn)
Jewellery
 l - a +6 ring of strength
Wands
 i - a wand of iceblast (13)
Scrolls
 h - a scroll of blinking
 k - 2 scrolls of revelation {unknown}
Potions
 c - a potion of curing
 d - a potion of heal wounds
 e - a potion of haste
 f - 2 potions of magic
 g - a potion of berserk rage


   Skills:
 + Level 9.8 Fighting
 * Level 12.5 Long Blades
 + Level 8.5 Armour
 - Level 2.9 Dodging


You had 5 spell levels left.
You didn't know any spells.
Your spell library was empty.

Dungeon Overview and Level Annotations

Branches:
Dungeon (1/1)

Altars:
Cheibriados
Dithmenos
Elyvilon
Fedhas
Gozag
Hepliaklqana
Kikubaaqudgha
Nemelex Xobeh
Okawaru
Qazlal
Ru
Sif Muna
Trog
Uskayaw
Vehumet
Wu Jian
Yredelemnul
Zin
The Shining One

Shops:
D *

Annotations:
D Sonja


Innate Abilities, Weirdness & Mutations

You have a pair of horns on your head.
You reflexively headbutt those who attack you in melee.


Message History

Sonja hits you but does no damage. x2
You are more poisoned.
You miss Sonja.
You feel extremely sick. Sonja closely misses you.
Sonja hits you but does no damage.
You are lethally poisoned!
Sonja hits you but does no damage.
You are more poisoned.
You hit Sonja. Your headbutt misses Sonja.
Sonja is lightly wounded.
You feel extremely sick.
Sonja hits you with a +1 dagger of venom.
You are more poisoned.
Sonja completely misses you. Sonja closely misses you.
You are too injured to fight recklessly!
* * * LOW HITPOINT WARNING * * *
You feel extremely sick. Sonja completely misses you.
Sonja hits you with a +1 dagger of venom.
* * * LOW HITPOINT WARNING * * *
You are more poisoned.
Sonja hits you with a +1 dagger of venom.
* * * LOW HITPOINT WARNING * * *
You are more poisoned.
There is an open door, spattered with blood here.
You miss Sonja.
Sonja is lightly wounded.
* * * LOW HITPOINT WARNING * * *
You feel extremely sick. Sonja hits you but does no damage.
You are more poisoned.
Sonja hits you but does no damage.
You are more poisoned.
Sonja hits you with a +1 dagger of venom.
* * * LOW HITPOINT WARNING * * *
You are more poisoned.
You are too berserk!
You slash Sonja!
Sonja is heavily wounded.
You die...

#<.#..)..#..'..#
#..').#..').#..+
#..#####'#####'#
#..####..#...#.#
#..#__####..##:#
#..#_____##'#_.+
#⌠⌠#_.∩...†..._#
####_..__##_K#+#
#_____###@#
####### #.# $.$
#$.$# ##.## #+#


You could see Sonja.

Vanquished Creatures
  Sigmund (D)
  A yak (D)
  An ogre (D)
  A jelly (D)
  Ijyb (D)
5 creatures vanquished.

Notes
Turn   | Place    | Note
-------+----------+-------------------------------------------
     0 | D        | Griffin23 the Minotaur Berserker began the quest for the
                  | Orb.
     0 | D        | Reached XP level 1. HP: 19/19 MP: 0/0
     1 | D        | Noticed Ijyb
     8 | D        | Killed Ijyb
     9 | D        | Reached skill level 5 in Fighting
     9 | D        | Reached skill level 5 in Long Blades
     9 | D        | Reached XP level 2. HP: 29/29 MP: 1/1
    61 | D        | Noticed an ogre
    65 | D        | Killed an ogre
    66 | D        | Reached skill level 8 in Long Blades
    66 | D        | Reached skill level 5 in Armour
    66 | D        | Reached XP level 3. HP: 22/39 MP: 2/2
    66 | D        | Reached XP level 4. HP: 27/47 MP: 3/3
   172 | D        | Noticed Sigmund
   175 | D        | Killed Sigmund
   175 | D        | Reached ** piety under Trog
   176 | D        | Reached skill level 10 in Long Blades
   176 | D        | Reached XP level 5. HP: 56/56 MP: 4/4
   320 | D        | Found an ornate altar of the Wu Jian Council.
   320 | D        | Found a shimmering blue altar of Sif Muna.
   322 | D        | Found a radiant altar of Vehumet.
   326 | D        | Reached skill level 11 in Long Blades
   326 | D        | Reached XP level 6. HP: 61/62 MP: 5/5
   350 | D        | Found Ibbunom's Assorted Antiques.
   350 | D        | Found an ancient bone altar of Kikubaaqudgha.
   350 | D        | Found a hazy altar of Hepliaklqana.
   350 | D        | Found a stormy altar of Qazlal.
   350 | D        | Found a hide-covered altar of Uskayaw.
   350 | D        | Found a blossoming altar of Fedhas.
   350 | D        | Found a bloodstained altar of Trog.
   350 | D        | Found an iron altar of Okawaru.
   350 | D        | Found a basalt altar of Yredelemnul.
   350 | D        | Found a glowing golden altar of the Shining One.
   350 | D        | Found a snail-covered altar of Cheibriados.
   350 | D        | Found a sacrificial altar of Ru.
   350 | D        | Found a glowing silver altar of Zin.
   350 | D        | Found a shadowy altar of Dithmenos.
   350 | D        | Found a white marble altar of Elyvilon.
   350 | D        | Noticed a yak
   358 | D        | Killed a yak
   359 | D        | Reached skill level 12 in Long Blades
   404 | D        | Found an opulent altar of Gozag.
   405 | D        | Found a sparkling altar of Nemelex Xobeh.
   409 | D        | Bought a steel ring for 130 gold pieces
   420 | D        | Noticed Sonja
   429 | D        | Succumbed to Sonja's poison

Illustrated notes

Levels and vault maps discovered:
D:        dungeon_sprint_1 [red_sonja_temple_1, red_sonja_temple_small_1]

Skill      XL: |  1  2  3  4  5  6 |
---------------+-------------------+-----
Fighting       | 5 7 8 9 |  9.8
Long Blades    | 5 8 10 11 12 | 12.5
Armour         | 3 5 7 8 |  8.5
Dodging        | |  2.9

Action                     |  1- 3 |  4- 6 || total
---------------------------+-------+-------++-------
  Melee: Falchion          |     8 |    15 ||    23
         Headbutt          |     2 |     3 ||     5
 Invoke: Berserk           |     2 |     3 ||     5
 Armour: Animal skin       |     2 |       ||     2
         Scale mail        |     1 |    18 ||    19
  Dodge: Dodged            |     2 |     7 ||     9

Table legend: (Time is in decaauts)
 A = Elapsed time spent in this place.
 B = Non-inter-level travel time spent in this place.
 C = Inter-level travel time spent in this place.
 D = Time resting spent in this place.
 E = Time spent auto-exploring this place.
 F = Levels seen in this place.
 G = Mean time per level.
                   A        B        C        D        E       F      G
               +--------+--------+--------+--------+--------+-----+--------+
         Total |    470 |    470 |      0 |    347 |      2 |   1 |  470.0 |
       Dungeon |    470 |    470 |      0 |    347 |      2 |   1 |  470.0 |
               +--------+--------+--------+--------+--------+-----+--------+

Top non-repeatable levels by time:
       D: 470 daAuts
